 Dungeon Crawl Stone Soup version 0.20-a0-1089-g3fde505 (webtiles) character file.

7158 Deemzul the Carver (level 11, -2/115 HPs)
             Began as an Octopode Berserker on May 4, 2017.
             Was a High Priest of Trog.
             Slain by a minotaur (16 damage)
             ... in a labyrinth.
             The game lasted 00:15:03 (9913 turns).

Deemzul the Carver (Octopode Berserker)             Turns: 9913, Time: 00:15:05

Health: -2/115     AC:  1    Str: 23 (24) XL:     11   Next: 10%
Magic:  0/13       EV: 17    Int: 11 (12) God:    Trog [*****.]
Gold:   449        SH:  3    Dex: 14      Spells: 10/10 levels left

rFire    . . .     SeeInvis +   H - +4 falchion (freeze)
rCold    . . .     Gourm    .   E - +0 buckler
rNeg     . . .     Faith    .   (helmet restricted)
rPois    .         Spirit   +   i - amulet of guardian spirit
rElec    .         Reflect  .   o - ring of see invisible
rCorr    .         Harm     .   (no ring)
MR       .....                  (no ring)
Stlth    ..........             (no ring)
Regen    0.3/turn               (no ring)
MPRegen  0.2/turn               (no ring)
                                (no ring)
                                (no ring)

@: mighty, berserking, very quick
A: almost no armour, stealthy swim, amphibious, 8 rings, constrict 8, camouflage
1, clever 1, deterioration 1, strong 1, gelatinous body 1, subdued magic 1
a: Berserk, Trog's Hand, Brothers in Arms, Burn Spellbooks, Renounce Religion


You were in a labyrinth.
You worshipped Trog.
Trog was extremely pleased with you.
You were not hungry.

You visited 1 branch of the dungeon, and saw 11 of its levels.
You also visited: Labyrinth.

You collected 520 gold pieces.
You spent 71 gold pieces at shops.

Inventory:

Hand Weapons
 H - a +4 falchion of freezing (weapon)
Armour
 E - a +0 buckler (worn)
Jewellery
 i - an amulet of guardian spirit (around mantle)
 o - a ring of see invisible (left tentacle)
 D - an uncursed amulet of regeneration
 K - an uncursed ring of ice
Wands
 x - a wand of digging (13/24)
 y - a wand of disintegration (16/24)
 F - a wand of lightning (7/15)
 J - a wand of iceblast (9/15)
Scrolls
 c - a scroll of amnesia {unknown}
 e - 2 scrolls of noise {unknown}
 f - 3 scrolls of magic mapping
 g - 13 scrolls of identify
 h - 7 scrolls of remove curse
 q - 3 scrolls of recharging {unknown}
 r - a scroll of immolation {unknown}
 s - 2 scrolls of enchant armour {unknown}
 v - 2 scrolls of teleportation {unknown}
 w - 2 scrolls of fog {unknown}
 B - 2 scrolls of fear {unknown}
 L - a scroll of enchant weapon {unknown}
Potions
 d - 3 potions of heal wounds {unknown}
 j - 2 potions of curing
 k - 2 potions of mutation {unknown}
 l - a potion of magic {unknown}
 m - 3 potions of ambrosia {unknown}
 p - 2 potions of haste {unknown}
 t - a potion of brilliance {unknown}
 A - 3 potions of flight {unknown}
 C - 3 potions of might
 G - 2 potions of agility
Books
 I - a book of Cantrips

   Spells                             Type                      Level
   a - Confusing Touch                Hexes                        1
   b - Animate Skeleton               Necromancy                   1
   c - Summon Small Mammal            Summoning                    1
   d - Apportation                    Translocation                1
   Trog disapproves of the use of such an item.
Comestibles
 b - 4 bread rations
 n - 5 royal jellies
 u - 3 meat rations


   Skills:
 + Level 7.9 Fighting
 * Level 10.8 Long Blades
 + Level 7.9 Dodging
 + Level 10.6 Stealth
 + Level 2.9 Evocations


You had 10 spell levels left.
You didn't know any spells.

Dungeon Overview and Level Annotations

Branches:
Dungeon (11/15)            Temple (0/1) D:7            Lair (0/6) D:11
    Orc (0/2) D:11

Altars:
Ashenzari
Dithmenos
Elyvilon
Fedhas
Gozag
Makhleb
Okawaru
Qazlal
Sif Muna
Trog
Wu Jian
Xom
Zin
The Shining One

Shops:
D:4 *   D:7 (   D:10 %(

Annotations:
D:10 Erica


Innate Abilities, Weirdness & Mutations

You cannot wear most types of armour.
You are very stealthy in the water. (Stealth+)
You are amphibious.
You can wear up to eight rings at the same time.
You can use your tentacles to constrict eight enemies at once.
Your skin changes colour to match your surroundings (Stealth+).
Your rubbery body absorbs attacks. (AC +1, EV +1)
Your mind is acute. (Int +2)
Your body sometimes deteriorates upon taking damage.
Your muscles are strong. (Str +2)
Your spells are a little easier to cast, but a little less powerful.


Message History

You constrict the minotaur, but do no damage.
The minotaur hits you! The minotaur gores you!
You hit the minotaur. You freeze the minotaur.
You squeeze the minotaur, but do no damage.
The minotaur is lightly wounded.
You constrict the minotaur, but do no damage.
You hit the minotaur but do no damage.
The minotaur is lightly wounded.
You constrict the minotaur. You block the minotaur's attack.
The minotaur gores you!
You hit the minotaur but do no damage. You squeeze the minotaur!
The minotaur is moderately wounded.
You constrict the minotaur. You hit the minotaur but do no damage.
The minotaur is moderately wounded.
You constrict the minotaur. The minotaur hits you!!
* * * LOW HITPOINT WARNING * * *
Your body deteriorates!
You feel weakened. The minotaur gores you!!
You die...

# #.# . # #. .
#... . . ... . #
# #.. ##. .# # ..
. . ..... . .###
# # ## # # #.# #
. ###
..#.######### .#
#
#.....#...H.....#
# . #. #.#####@#
.### . #.#
#...#.# #. #.##
##.#. .#.# # # #
...#.#.#...# #. .
.# #.#...# . ## #
.. .#.#.# #.. ##
.#.#.### ##
#.#.#.. #
.#.#.########
##.#.#


You could see a minotaur.

Vanquished Creatures
  A two-headed ogre (D:9)
  A troll (D:9)
  Prince Ribbit (D:5)
  A hippogriff (D:9)
  A wraith (D:9)
  5 yaks (D:10)
  A hungry ghost (D:8)
  Menkaure (D:5)
  A water moccasin (D:9)
  Duvessa (D:5)
  A sky beast (D:7)
  3 orc warriors
  6 ogres
  2 black bears
  An eye of draining (D:8)
  3 ice beasts
  A necrophage (D:9)
  2 phantoms (D:9)
  A boggart (D:9)
  2 centaurs
  Blork the orc (D:4)
  4 bullfrogs
  A wyvern zombie (D:7)
  Dowan (D:5)
  A scorpion (D:9)
  A water moccasin skeleton (D:8)
  15 wights
  A howler monkey (D:9)
  A bullfrog zombie (D:7)
  3 crimson imps
  A centaur zombie (D:9)
  2 jellies
  2 orc priests
  A hound (D:6)
  5 orc wizards
  3 gnoll shamans (D:6)
  3 iguanas
  2 centaur skeletons (D:6)
  7 worker ants
  A killer bee zombie (D:7)
  2 hound zombies
  A hound skeleton (D:9)
  2 worker ant zombies
  A howler monkey skeleton (D:9)
  37 gnolls
  10 adders
  2 oozes
  An adder zombie (D:9)
  An adder skeleton (D:6)
  3 worms
  2 dart slugs (D:1)
  5 leopard geckos
  34 orcs
  A ball python (D:5)
  8 giant cockroaches
  8 goblins
  4 hobgoblins
  28 jackals
  4 quokkas
  8 bats
  4 frilled lizards
  A jackal zombie (D:9)
  3 kobolds
  3 rats (D:1)
265 creatures vanquished.

Vanquished Creatures (others)
  A quokka (D:9)
1 creature vanquished.

Grand Total: 266 creatures vanquished

Notes
Turn   | Place    | Note
-------+----------+-------------------------------------------
     0 | D:1      | Deemzul the Octopode Berserker began the quest for the Orb.
     0 | D:1      | Reached XP level 1. HP: 16/16 MP: 1/1
    54 | D:1      | Reached XP level 2. HP: 14/21 MP: 2/2
   233 | D:1      | Reached skill level 1 in Stealth
   291 | D:1      | Reached XP level 3. HP: 26/26 MP: 3/3
   584 | D:1      | You fall through a shaft!
   995 | D:2      | Reached ** piety under Trog
   995 | D:2      | Reached XP level 4. HP: 18/31 MP: 2/4
  1438 | D:2      | Found an opulent altar of Gozag.
  1438 | D:2      | Found a glowing golden altar of the Shining One.
  1483 | D:3      | Noticed an air elemental
  1489 | D:3      | Noticed a water elemental
  1491 | D:3      | Found a stormy altar of Qazlal.
  1492 | D:3      | Noticed an earth elemental
  1492 | D:3      | Noticed a fire elemental
  1494 | D:3      | Found a burning altar of Makhleb.
  1496 | D:3      | Found a bloodstained altar of Trog.
  1496 | D:3      | Found a blossoming altar of Fedhas.
  1497 | D:3      | Found a shadowy altar of Dithmenos.
  1574 | D:3      | Found an ornate altar of the Wu Jian Council.
  1584 | D:3      | HP: 1/33 [orc (3)]
  1586 | D:3      | Reached XP level 5. HP: 1/37 MP: 0/5
  2707 | D:4      | Reached XP level 6. HP: 41/43 MP: 4/6
  2782 | D:4      | Noticed Blork the orc
  2790 | D:4      | Killed Blork the orc
  2856 | D:4      | Found Nocless's General Store.
  2859 | D:4      | Bought a scroll of magic mapping for 38 gold pieces
  2859 | D:4      | Bought a scroll of remove curse for 33 gold pieces
  2943 | D:5      | Entered Level 5 of the Dungeon
  2943 | D:5      | Noticed Menkaure
  2952 | D:5      | Killed Menkaure
  2952 | D:5      | Reached skill level 5 in Long Blades
  2952 | D:5      | Reached XP level 7. HP: 28/49 MP: 3/7
  3000 | D:5      | Noticed Duvessa
  3000 | D:5      | Noticed Dowan
  3012 | D:5      | Killed Duvessa
  3012 | D:5      | Reached skill level 5 in Stealth
  3015 | D:5      | Killed Dowan
  3241 | D:5      | Noticed Prince Ribbit
  3247 | D:5      | Killed Prince Ribbit
  3247 | D:5      | Reached skill level 5 in Fighting
  3247 | D:5      | Reached XP level 8. HP: 55/55 MP: 8/8
  3399 | D:5      | Reached *** piety under Trog
  3648 | D:6      | Found a shattered altar of Ashenzari.
  3706 | D:6      | Reached skill level 5 in Dodging
  4127 | D:6      | Found a glowing silver altar of Zin.
  4590 | D:6      | Reached **** piety under Trog
  4797 | D:6      | Reached XP level 9. HP: 62/62 MP: 9/9
  5939 | D:7      | Found an iron altar of Okawaru.
  6270 | D:7      | Found a staircase to the Ecumenical Temple.
  6613 | D:7      | Found Ettur's Weapon Emporium.
  6640 | D:7      | Gained mutation: Your spells are a little easier to cast, but a little less powerful. [mutagenic meat]
  6641 | D:7      | Gained mutation: Your mind is acute. (Int +2) [mutagenic meat]
  6642 | D:7      | Gained mutation: Your body sometimes deteriorates upon taking damage. [mutagenic meat]
  6643 | D:7      | Gained mutation: Your muscles are strong. (Str +2) [mutagenic meat]
  7036 | D:8      | Reached XP level 10. HP: 61/69 MP: 10/10
  7094 | D:8      | Reached ***** piety under Trog
  7177 | D:8      | Noticed a two-headed ogre
  7460 | D:9      | Found a white marble altar of Elyvilon.
  7785 | D:9      | Noticed a two-headed ogre
  7832 | D:9      | Killed a two-headed ogre
  7832 | D:9      | Reached skill level 1 in Evocations
  7977 | D:9      | Reached skill level 10 in Long Blades
  7989 | D:9      | Found a shimmering altar of Xom.
  8033 | D:9      | Reached skill level 10 in Stealth
  8367 | D:9      | Found a deep blue altar of Sif Muna.
  8862 | D:10     | Entered Level 10 of the Dungeon
  8884 | D:10     | Reached XP level 11. HP: 74/76 MP: 6/12
  9051 | D:10     | Found Somolyij's Weapon Emporium.
  9347 | D:10     | Found Roelead's Food Boutique.
  9377 | D:10     | Noticed Erica
  9406 | D:11     | Found a labyrinth entrance.
  9418 | D:11     | Noticed a two-headed ogre
  9421 | Lab      | Entered a labyrinth
  9903 | Lab      | Noticed a minotaur
  9913 | Lab      | Slain by a minotaur

Vault maps used:
D:1:      ncdulo_wetmaze, minmay_misc_feat_more_columns
D:2:      gammafunk_temple_overflow_pools, first_bread
D:3:      nicolae_overflow_crystal_walls, nicolae_qazlal_style_of_elements,
          chequers_temple_overflow_statue_of_worship
D:4:      serial_shops, nicolae_shop_behind_doors, uniq_blork_the_orc
D:5:      kennysheep_nub, grunt_tough_drop, uniq_prince_ribbit1, uniq_duvessa,
          uniq_menkaure
D:6:      lemuel_castle_with_subvaults, lemuel_crystal_altar,
          cheibrodos_ashenzari_chains
D:7:      okawaru_metal_pillars_1_2, temple_fountains, serial_shops, shop
D:8:      lemuel_ratsnest, serial_shops, kennysheep_little_box
D:9:      hangedman_cross_stitches, marbit_many_paths, tgw_sif, elyvilon_altar_4
D:10:     serial_shops, nicolae_shop_statue_plus, shop, kennysheep_mini_moat,
          shop, uniq_erica, uniq_josephine
D:11:     minmay_lair_entry_lava, zombieorc2_lemuel, lab_entry_generic,
          portal_ice_cave_entry_imps, serial_shops, shop, blue_anna_alchemist
Lab:      labyrinth_mini_lab, nicolae_lab_statue, lab_statue

Skill      XL: |  1  2  3  4  5  6  7  8  9 10 |
---------------+-------------------------------+-----
Stealth        | 1 2 3 4 6 7 9 10 | 10.6
Long Blades    | 4 5 6 7 9 10 | 10.8
Fighting       | 4 5 6 7 |  7.9
Dodging        | 4 5 6 7 |  7.9
Evocations     | 2 |  2.9

Action                   |  1- 3 |  4- 6 |  7- 9 | 10-12 || total
-------------------------+-------+-------+-------+-------++-------
Melee: Falchion          |    45 |    84 |   256 |   188 ||   573
       Constrict         |    17 |    32 |    84 |    31 ||   164
       Tentacles         |    11 |    27 |    82 |    51 ||   171
       Short sword       |       |       |    49 |       ||    49
Invok: Berserk           |       |     4 |    11 |     4 ||    19
       Trog's Hand       |       |       |     1 |       ||     1
Evoke: Wand              |       |       |       |     3 ||     3
  Use: Scroll            |       |     1 |       |     2 ||     3
       Potion            |       |       |     2 |     1 ||     3
 Stab: Sleeping          |    12 |    12 |    22 |     8 ||    54
       Distracted        |     1 |       |     2 |     3 ||     6
  Eat: Chunk             |       |     9 |    26 |    13 ||    48
       Fruit             |       |       |     3 |     1 ||     4
       Meat ration       |       |       |       |     1 ||     1
Armor: Skin              |     2 |     5 |     5 |     1 ||    13
Dodge: Dodged            |    28 |    42 |   186 |    85 ||   341
Block: Buckler           |       |       |    18 |    14 ||    32
       Rpst.: Falchion   |     9 |    13 |    45 |    32 ||    99
